 Dungeon Crawl Stone Soup version 0.24-a0-309-g1095bca (webtiles) character file.

Game seed: 4995843686616142660

39 MisterFreud the Chucker (level 3, -3/33 HPs)
             Began as a Troll Hunter on May 14, 2019.
             Splashed by a jelly's acid (5 damage)
             ... on level 2 of the Dungeon.
             The game lasted 00:01:55 (783 turns).

MisterFreud the Chucker (Troll Hunter)               Turns: 783, Time: 00:01:57

Health: -3/33      AC: -6    Str: 21    XL:     3   Next: 28%
Magic:  2/2        EV: 10    Int:  7    God:
Gold:   34         SH:  0    Dex: 10    Spells: 2/2 levels left

rFire    . . .     SeeInvis .     - Unarmed
rCold    . . .     Gourm    +   (no shield)
rNeg     . . .     Faith    .   b - +0 robe
rPois    .         Spirit   .   (helmet restricted)
rElec    .         Reflect  .   (no cloak)
rCorr    .         Harm     .   (gloves unavailable)
MR       .....                  (boots unavailable)
Stlth    +.........             l - amulet of inaccuracy (curse)
HPRegen  0.51/turn              (no ring)
MPRegen  0.08/turn              (no ring)

@: corroded
A: large, unfitting armour, claws 3, fast metabolism 3, gourmand, regeneration
1, shaggy fur 1, tough skin 3
a: no special abilities


You were on level 2 of the Dungeon.
You were full.

You visited 1 branch of the dungeon, and saw 2 of its levels.

You collected 34 gold pieces.

Inventory:

Missiles
 c - 5 large rocks (quivered)
 d - 2 throwing nets
 e - 8 stones
Armour
 b - a +0 robe (worn)
Jewellery
 l - a cursed amulet of inaccuracy (around neck)
Scrolls
 h - a scroll of amnesia
Potions
 a - 2 potions of flight {unknown}
 g - 2 potions of haste {unknown}
 i - 3 potions of curing {unknown}
 k - a potion of agility {unknown}
Comestibles
 f - 6 rations


   Skills:
 - Level 1.5 Fighting
 + Level 4.0 Throwing
 - Level 1.5 Dodging
 - Level 0.3 Stealth
 * Level 2.4 Unarmed Combat


You had 2 spell levels left.
You didn't know any spells.
Your spell library was empty.

Dungeon Overview and Level Annotations

Branches:
Dungeon (2/15)

Altars:
Xom


Innate Abilities, Weirdness & Mutations

You are too large for most types of armour.
You have claws for hands.
Your metabolism is lightning-fast.
You like to eat raw meat.
Your natural rate of healing is unusually fast.
You are covered in fur. (AC +1)
You have extremely tough skin. (AC +3)


Message History

The jelly quivers.
As you open the door, it creaks loudly!
A jelly comes into view.
The jelly quivers.
The jelly jiggles.
You scratch the jelly. The acid corrodes you!
Your claws burn!
The jelly is lightly wounded.
The jelly hits you. The acid corrodes you!
You are splashed with acid!
You scratch the jelly but do no damage.
Your claws burn!
The jelly is lightly wounded.
The jelly barely misses you.
You scratch the jelly.
Your claws burn!
The jelly is heavily wounded.
You scratch the jelly but do no damage.
Your claws burn!
The jelly is heavily wounded.
The jelly hits you.
* * * LOW HITPOINT WARNING * * *
You are splashed with acid!
* * * LOW HITPOINT WARNING * * *
You scratch the jelly. The acid corrodes you!
Your claws burn!
You die...

........'..# #..#.#
........########..##
....##...##..+ +...###
....##...#...# #.....
#..##.###...###....#
#..##...#._.+J+....#
#..##.###...# #....#
##..##.###...###....#
.....#...##..+.J@...#
..†..#.<..######....#
.....#........#####.#######
.....'....................####
.....#....................'..#
.....#...............†....##.#
.....#######################.#
.....# #.# .....### #.#


You could see 2 jellies.

Vanquished Creatures
  3 dart slugs
  3 giant cockroaches (D:1)
  3 goblins
  2 hobgoblins (D:1)
  3 jackals (D:2)
  6 kobolds
  A quokka (D:2)
  4 bats
  3 frilled lizards (D:1)
  5 rats (D:1)
33 creatures vanquished.

Notes
Turn   | Place    | Note
-------+----------+-------------------------------------------
     0 | D:1      | MisterFreud the Troll Hunter began the quest for the Orb.
     0 | D:1      | Reached XP level 1. HP: 19/19 MP: 0/0
    95 | D:1      | Reached skill level 1 in Unarmed Combat
    99 | D:1      | Reached XP level 2. HP: 26/27 MP: 1/1
   561 | D:2      | Reached XP level 3. HP: 30/33 MP: 2/2
   592 | D:2      | Found a shimmering altar of Xom.
   661 | D:2      | Reached skill level 4 in Throwing
   783 | D:2      | Splashed by a jelly's acid

Levels and vault maps discovered:
D:1:      lightli_arrival_maybe_door_vault, layout_rooms,
          hangedman_feature_mirror
D:2:      layout_basic, first_ration, serial_bayou_pond_d, dk_xom_monty_hall

Skill      XL: |  1  2  3 |
---------------+----------+-----
Unarmed Combat | 1 2 |  2.4
Throwing       | 4 |  4.0
Fighting       | |  1.5
Dodging        | |  1.5
Stealth        | |  0.3

Action                   || total
-------------------------++-------
Melee: Unarmed           ||   125
       Short sword       ||     2
  Use: Scroll            ||     2
  Eat: Chunk             ||    10
Armor: Robe              ||    86
Dodge: Dodged            ||    83

Table legend:
 A = Non-vault XP
 B = Vault XP
 C = Vault XP percentage of total XP
 D = Non-vault monster count
 E = Vault monster count
 F = Vault count percentage of total count
                 A         B        C        D         E       F
            +---------+---------+-------+---------+---------+-------
      Total |      54 |       3 |   5.3 |      31 |       2 |   6.1
            +---------+---------+-------+---------+---------+-------
        D:1 |      32 |       3 |   8.6 |      21 |       2 |   8.7
        D:2 |      22 |       0 |   0.0 |      10 |       0 |   0.0
            +---------+---------+-------+---------+---------+-------
